 Dungeon Crawl Stone Soup version 0.28.0-53-g5a82cb258f (webtiles) character file.

Game seed: 7783749658364542616

2 Zeld the Skirmisher (level 1, 18/18 HPs)
             Began as a Demonspawn Abyssal Knight on May 27, 2022.
             Was a Follower of Lugonu.
             Quit the game on level 1 of the Dungeon.
             The game lasted 00:00:25 (295 turns).

Zeld the Skirmisher (Demonspawn Abyssal Knight)      Turns: 295, Time: 00:00:25

Health: 18/18      AC:  3    Str: 13    XL:     1   Next: 25%
Magic:  2/2        EV: 11    Int: 11    God:    Lugonu [*.....]
Gold:   10         SH:  0    Dex: 13    Spells: 0/0 levels left

rFire   . . .      SeeInvis .   a - +1 hand axe
rCold   . . .      Faith    .   (no shield)
rNeg    . . .      Spirit   .   b - +0 leather armour
rPois   .          Reflect  .   (no helmet)
rElec   .          Harm     .   (no cloak)
rCorr   .          Rampage  .   (no gloves)
Will    .....                   (no boots)
Stlth   +.........              (no amulet)
HPRegen 0.06/turn               (no ring)
MPRegen 0.08/turn               (no ring)

@: no status effects
A: no striking features
a: Renounce Religion, Depart the Abyss


You were on level 1 of the Dungeon.
You worshipped Lugonu.
Lugonu was aware of your devotion.
You visited 1 branch of the dungeon, and saw 1 of its levels.
You visited the Abyss 1 time.

You collected 10 gold pieces.

Inventory:

Hand Weapons
 a - a +1 hand axe (weapon)
Armour
 b - a +0 leather armour (worn)
Potions
 c - 2 potions of cancellation {unknown}
 d - a potion of ambrosia {unknown}


   Skills:
 + Level 3.0 Fighting
 * Level 1.8 Axes
 + Level 1.8 Armour
 + Level 0.9 Dodging
 * Level 2.5 Invocations


You couldn't memorise any spells.
You didn't know any spells.
Your spell library was empty.

Dungeon Overview and Level Annotations

Branches:
Dungeon (1/15)

Altars:

Shops:
D:1 ?


Message History

A ball python is nearby!
A ball python is nearby!
You slash the ball python!
You kill the ball python!
Lugonu accepts your kill.
Found a leather armour.
Found a stone staircase leading down.
No target in view!
As you open the door, it creaks loudly!
No target in view!
There is an open door here.
There is a staircase leading out of the dungeon here.
As you open the door, it creaks loudly!
No target in view!
There is an open door here.
Found a stone staircase leading down.
No target in view!
d - a fizzy brown potion No target in view!
A frilled lizard comes into view.
Found a robe.
Found Aniant's Magic Scroll Emporium.
A frilled lizard is nearby!
You see here 10 gold pieces.
A frilled lizard is nearby!
A frilled lizard is nearby!
You hit the frilled lizard.
You kill the frilled lizard!
Lugonu accepts your kill.
No target in view!
You see here a frilled lizard corpse.
There is an entrance to Aniant's Magic Scroll Emporium here.
You can access your shopping list by pressing '$'.
There is a fountain of clear blue water here.
You now have 10 gold pieces.
A ball python comes into view.
A ball python is nearby!
There is an entrance to Aniant's Magic Scroll Emporium here.
You can't go down here!
There is an entrance to Aniant's Magic Scroll Emporium here.
You can access your shopping list by pressing '$'.
Are you sure you want to abandon this character and quit the game? (Confirm with "yes".)

#####........#
.............#
............########
######...............#
.......[.............#
...................>.#
.........†...........#
.#####.⌠.⌠...........#
#..@............#
##⌠.⌠####.......#
##### #.......#
#######.......#
..............#
#######.##....#
#.##########
#..........#
########.###


There were no monsters in sight!

Vanquished Creatures
  A ball python (D:1)
  A frilled lizard (D:1)
2 creatures vanquished.

Notes
Turn   | Place    | Note
-------+----------+-------------------------------------------
     0 | Abyss:1  | Zeld the Demonspawn Abyssal Knight began the quest for the
                  | Orb.
     0 | Abyss:1  | Reached XP level 1. HP: 18/18 MP: 2/2
    47 | Abyss:1  | Noticed a worldbinder
    53 | Abyss:1  | Noticed a bog body
    53 | Abyss:1  | Noticed a swamp drake
    53 | Abyss:1  | Noticed a bog body
    58 | D:1      | Escaped the Abyss
   260 | D:1      | Found Aniant's Magic Scroll Emporium.
   295 | D:1      | Quit the game

Illustrated notes

Levels and vault maps discovered:
D:1:      minmay_arrival_four_loops, layout_basic, serial_shops, shop_fountains

Action                   || total
-------------------------++-------
Melee: Hand axe          ||     2
Dodge: Dodged            ||     1
